 Dungeon Crawl Stone Soup version 0.24.0-123-gd5b16e6ec5 (webtiles) character file.

Game seed: 12404422162626075032, levelgen mode: deterministic

242 Hypoxia the Sneak (level 6, 52/52 HPs)
             Began as a Naga Wanderer on Jan 11, 2020.
             Was an Initiate of Ru.
             Quit the game on level 3 of the Dungeon.
             The game lasted 00:21:29 (2818 turns).

Hypoxia the Sneak (Naga Wanderer)                   Turns: 2818, Time: 00:21:30

Health: 52/52      AC:  3    Str: 18    XL:     6   Next: 9%
Magic:  2/7        EV:  9    Int: 13    God:    Ru [......]
Gold:   163        SH:  0    Dex:  8    Spells: 3/7 levels left

rFire    . . .     SeeInvis +   a - +0 mace
rCold    . . .     Gourm    .   (no shield)
rNeg     . . .     Faith    .   d - +0 robe
rPois    +         Spirit   .   (no helmet)
rElec    .         Reflect  .   (no cloak)
rCorr    .         Harm     .   (no gloves)
MR       .....                  (no barding)
Stlth    ++........             (no amulet)
HPRegen  0.17/turn              (no ring)
MPRegen  0.10/turn              (no ring)

@: short of breath, very slow
A: large, see invisible, deformed body, poison resistance, slowness 2, slow
metabolism 1, spit poison 1, AC +2
a: Spit Poison, Renounce Religion


You were on level 3 of the Dungeon.
You worshipped Ru.
Ru was noncommittal.
You were not hungry.

You visited 1 branch of the dungeon, and saw 3 of its levels.

You collected 163 gold pieces.

Inventory:

Hand Weapons
 a - a +0 mace (weapon)
Missiles
 c - 136 stones (quivered)
Armour
 b - a +0 chain mail
 d - a +0 robe (worn)
 j - a +0 leather armour
Wands
 E - a wand of enslavement (14)
Scrolls
 f - a scroll of remove curse {unknown}
 k - a scroll of enchant armour {unknown}
 n - 2 scrolls of fog
 T - 2 scrolls of teleportation {@r3}
Potions
 e - 2 potions of heal wounds {@q2}
 l - 2 potions of flight
 Q - 3 potions of curing {@q1}
Comestibles
 z - 7 rations


   Skills:
 + Level 2.0 Fighting
 - Level 3.0 Maces & Flails
 - Level 1.0 Armour
 - Level 5.0 Stealth
 - Level 1.0 Spellcasting
 - Level 4.1 Hexes
 - Level 3.0 Fire Magic
 - Level 1.0 Evocations


You had 3 spell levels left.
You knew the following spells:

 Your Spells              Type           Power        Failure   Level  Hunger
a - Flame Tongue          Conj/Fire      #....        16%         1    ##.....
b - Inner Flame           Hex/Fire       #.......     19%         3    ####...

Your spell library contained the following spells:

 Spells                   Type           Power        Failure   Level  Hunger


Dungeon Overview and Level Annotations

Branches:
Dungeon (3/15)

Altars:
Ru

Annotations:
D:1 exclusions: gnoll and kobold


Innate Abilities, Weirdness & Mutations

You cannot wear boots.
Your serpentine skin is tough. (AC +2)
You have supernaturally acute eyesight. (SInv)
Armour fits poorly on your strangely shaped body.
Your system is resistant to poisons. (rPois)
You cover ground very slowly.
You have a slow metabolism.
You can spit poison.


Message History

The hobgoblin hits your hobgoblin but does no damage.
Unknown command.
Unknown command.
Unknown command.
Unknown command.
Unknown command.
The hobgoblin hits your hobgoblin with a +0 club.
Your hobgoblin explodes!
The fiery explosion engulfs the hobgoblin!!
You kill the hobgoblin!
Training target 2.0 for Hexes reached!
Your Hexes skill gained 3 levels and is now at level 4!
You need to enable at least one skill for training.
You have reached level 5!
You have reached level 6!
Your experience leads to an increase in your attributes!
Increase (S)trength, (I)ntelligence, or (D)exterity?
You feel stronger.
Your skin feels tougher.
You feel a bit more experienced.
Are you sure you want to abandon this character and quit the game? (Confirm with "yes".)

## .≈..≈≈≈≈ .# .8..8≈≈ ≈
.. #8..8.#.≈ .##..%...
........## ....#....
...####......#
.......@..).%# #........
...#####.#.#..##........
.%§.#.........@.
###§)..#......o.
#.>..)..g.g. #.........
#........ #.## #.<##


There were no monsters in sight!

Vanquished Creatures
  Sigmund
  5 adders
  2 oozes
  A worm
  A dart slug
  A leopard gecko
  An orc
  3 giant cockroaches
  8 hobgoblins
  7 kobolds
  A quokka
  5 bats
  2 frilled lizards
  A goblin
  2 rats
41 creatures vanquished.

Vanquished Creatures (others)
  A hobgoblin
1 creature vanquished.

Grand Total: 42 creatures vanquished

Notes
Turn   | Place    | Note
-------+----------+-------------------------------------------
     0 | D:1      | Hypoxia the Naga Wanderer began the quest for the Orb.
     0 | D:1      | Hypoxia set off with the following items: a +0 mace, a +0
                  | robe, a ration, a wand of enslavement (15); and the
                  | following spell memorised: Flame Tongue; and the following
                  | spells available to memorise: Inner Flame
     0 | D:1      | Reached XP level 1. HP: 18/18 MP: 1/1
     0 | D:1      | Str 16 Int 12 Dex 8
    44 | D:1      | Reached skill level 2 in Stealth
   531 | D:1      | Reached skill level 3 in Stealth
   537 | D:1      | Reached XP level 2. HP: 18/25 MP: 0/2
   904 | D:2      | Reached skill level 4 in Stealth
   904 | D:2      | Reached XP level 3. HP: 30/31 MP: 0/4
   979 | D:2      | Reached skill level 1 in Spellcasting
  1862 | D:2      | Learned a level 3 spell: Inner Flame
  1885 | D:2      | Reached skill level 2 in Fighting
  1979 | D:2      | Reached XP level 4. HP: 38/39 MP: 3/5
  2233 | D:2      | Found a sacrificial altar of Ru.
  2239 | D:2      | Became a worshipper of Ru the Awakened
  2501 | D:2      | Reached skill level 1 in Hexes
  2594 | D:2      | Reached skill level 5 in Stealth
  2760 | D:3      | Noticed Sigmund
  2817 | D:3      | Killed Sigmund
  2817 | D:3      | Reached skill level 4 in Hexes
  2817 | D:3      | Reached XP level 5. HP: 45/45 MP: 2/6
  2817 | D:3      | Reached XP level 6. HP: 52/52 MP: 2/7
  2818 | D:3      | Quit the game

Levels and vault maps discovered:
D:1:      lemuel_arrival_room, layout_basic
D:2:      layout_basic, chequers_arboretum, nicolae_ru_the_path_less_chosen
D:3:      wander_river, layout_rooms, grunt_temple_overflow_holy_war,
          old_standard_altar, serial_bayou_pond_e, uniq_sigmund, uniq_robin

Skill      XL: |  1  2  3  4 |
---------------+-------------+-----
Stealth        | 3 4 5 |  5.0
Spellcasting   | 1 |  1.0
Fighting       | 2 |  2.0
Hexes          | 4 |  4.1
Maces & Flails | |  3.0
Armour         | |  1.0
Fire Magic     | |  3.0
Evocations     | |  1.0

Action                   |  1- 3 |  4- 6 || total
-------------------------+-------+-------++-------
Melee: Mace              |    35 |     9 ||    44
Throw: Stone             |    11 |    20 ||    31
 Cast: Flame Tongue      |     8 |     3 ||    11
       Inner Flame       |       |     2 ||     2
 Abil: Spit Poison       |    27 |    17 ||    44
Evoke: Wand              |       |     1 ||     1
  Use: Scroll            |     4 |     2 ||     6
 Stab: Sleeping          |     1 |     1 ||     2
  Eat: Chunk             |     4 |     4 ||     8
Armor: Robe              |    12 |     2 ||    14
Dodge: Dodged            |    26 |     6 ||    32
